Map: Lerilak Crest

Players

유교탈레반 - Winner!

  • Race: Zerg Zerg

johax

  • Race: Zerg Zerg

VOD

Have the link to the VOD?

Description

Time

  • Played on: May 21, 2015, 12:03 p.m.
  • Length: 8:09
Show
View Real Time Build Order
Export as new Build Order

유교탈레반 Zerg - Winner!

Build Orders: Hatch First, Burrowed Roaches 

Get SALT Encoding   

  12  0:01  Drone  
  13  0:13  Overlord  
  13  0:17  Drone  
  14  0:31  Drone x2  
  14  0:35  Drone  
  17  0:53  Hatchery  
  17  0:55  Drone  
  17  1:02  Drone  
  18  1:09  Extractor  
  17  1:13  Spawning Pool  
  17  1:15  Drone  
  17  1:19  Drone  
  18  1:28  Drone  
  19  1:39  Drone  
  20  1:59  Queen  
  22  2:04  Queen  
  22  2:06  Zergling x4  
  22  2:07  Overlord  
  26  2:10  Metabolic Boost  
  26  2:13  Drone  
  27  2:17  Drone  
  28  2:26  Drone x2  
  30  2:34  Drone  
  31  2:40  Overlord, Queen  
  33  2:45  Drone  
  33  2:49  Drone  
  35  2:55  Drone  
  36  2:59  Drone  
  37  3:06  Baneling Nest  
  37  3:09  Drone x2  
  37  3:10  Overlord  
  37  3:14  Drone  
  37  3:19  Drone x2  
  40  3:22  Overlord  
  40  3:23  Spine Crawler  
  40  3:25  Zergling x2  
  40  3:26  Zergling x2  
  41  3:28  Zergling x2  
  42  3:38  Zergling x4  
  43  3:50  Lair, Zergling x2  
  43  3:51  Zergling x8  
  43  3:52  Drone x2  
  43  3:54  Extractor  
  49  4:00  Baneling x4  
  49  4:09  Drone x3  
  52  4:14  Drone  
  52  4:15  Drone  
  54  4:29  Zergling x12  
  60  4:31  Overlord x2  
  60  4:39  Roach Warren  
  55  4:50  Zergling x10  
  58  4:55  Burrow  
  58  4:56  Extractor  
  49  5:19  Glial Reconstitution  
  49  5:21  Roach x9  
  62  5:28  Roach  
  62  5:29  Roach  
  62  5:33  Roach  
  66  5:38  Roach  
  68  5:46  Drone  
  68  5:47  Drone x6  
  68  5:48  Drone x2  
  70  5:58  Roach x2  
  74  6:07  Roach  
  76  6:12  Overlord  
  76  6:13  Overlord  
  76  6:26  Roach x11  
  76  6:27  Roach  
  76  6:29  Roach  
  74  6:37  Roach x4  
  74  6:39  Roach  
  82  6:40  Roach  
  82  6:46  Roach  
  82  6:47  Roach x2  
  88  6:49  Roach x6  
  88  6:50  Roach x2  
  88  6:51  Overlord x2  
  86  6:58  Roach x2  
  86  7:00  Roach  
  88  7:10  Roach  
  88  7:11  Roach  
  92  7:19  Roach x2  
  92  7:22  Roach x5  
  106  7:25  Roach  
  108  7:33  Hatchery  
  108  7:36  Roach  
  107  7:38  Roach  
  107  7:40  Roach  
  97  7:44  Roach  
  97  7:45  Roach  
  97  7:47  Roach x14  
Show
View Real Time Build Order
Export as new Build Order

johax Zerg 

Build Orders: Hatch First, Zergling Baneling 

Get SALT Encoding   

  12  0:01  Drone  
  13  0:12  Overlord  
  13  0:17  Drone  
  14  0:31  Drone x2  
  16  0:36  Drone  
  17  0:54  Hatchery  
  16  0:58  Drone  
  16  1:01  Drone  
  18  1:15  Spawning Pool  
  18  1:18  Extractor  
  16  1:19  Drone  
  16  1:25  Drone  
  18  1:30  Drone  
  19  1:40  Overlord  
  19  1:50  Drone  
  20  2:02  Drone, Queen  
  20  2:06  Zergling x2, Queen  
  26  2:11  Drone  
  27  2:17  Drone  
  27  2:19  Metabolic Boost  
  28  2:27  Drone  
  29  2:31  Drone  
  29  2:33  Overlord  
  30  2:41  Baneling Nest  
  30  2:42  Zergling x2  
  30  2:48  Drone  
  31  2:52  Drone  
  31  2:56  Drone  
  32  3:08  Zergling x4  
  33  3:17  Drone x3  
  33  3:18  Drone, Overlord  
  33  3:19  Drone x4  
  41  3:29  Baneling x2  
  41  3:31  Zergling x4  
  43  3:35  Evolution Chamber  
  43  3:38  Overlord  
  42  3:42  Drone x3  
  45  3:52  Zergling x4  
  47  3:57  Hatchery  
  47  3:58  Zergling x6  
  49  4:06  Zerg Ground Armor Level 1  
  49  4:10  Evolution Chamber  
  49  4:14  Zergling x10  
  53  4:27  Zergling x14  
  58  4:42  Zergling x6  
  59  4:49  Zergling x2  
  59  4:50  Zergling x2  
  52  4:53  Baneling x2  
  52  4:56  Zerg Melee Weapons Level 1  
  52  4:58  Zergling x4  
  51  5:06  Zergling x2  
  49  5:15  Queen  
  49  5:17  Zergling x4  
  49  5:21  Zergling x2  
  54  5:27  Spine Crawler  
  54  5:28  Zergling x10  
  54  5:29  Zergling x6  
  54  5:32  Lair, Extractor  
  58  5:36  Drone x3  
  61  5:43  Zergling x2  
  61  5:44  Zergling x6  
  61  5:49  Zergling x2  
  56  5:59  Zergling x6  
  56  6:03  Zergling x14  
  66  6:08  Overlord x2  
  66  6:13  Spine Crawler  
  66  6:15  Overlord  
  65  6:21  Zergling x2  
  65  6:23  Overlord x2  
  63  6:29  Zergling x12  
  63  6:30  Zergling x2  
  62  6:36  Overseer  
  62  6:38  Zergling x10  
  62  6:39  Zergling x6  
  67  6:45  Zergling x2  
  65  6:53  Zergling x6  
  61  6:57  Zergling x2  
  61  7:00  Drone x2  
  62  7:02  Pneumatized Carapace  
  62  7:07  Extractor  
  61  7:10  Extractor  
  61  7:11  Zergling x6  
  63  7:20  Zergling x12  
  63  7:21  Zergling x12  
  72  7:35  Zergling x10  
  71  7:41  Zergling x2  
  58  7:45  Zergling x4  
  58  7:47  Zergling x2  
  58  7:49  Zergling x8  
Tags
 
Add a new tag
Caveats
  • Supply blocks, unpowered buildings, or Contaminate may cause inaccurate times.
  • Supply counts are checked every 10 seconds.